 Dungeon Crawl Stone Soup version 0.27-a0-705-ga0013940fb (webtiles) character file.

Game seed: 5917435473851043912

345 dduke234 the Ruffian (level 6, -2/52 HPs)
             Began as a Ghoul Monk on Mar 18, 2021.
             Slain by an orc
             ... wielding a +0 flail
              (5 damage)
             ... on level 3 of the Dungeon on Mar 22, 2021.
             The game lasted 00:08:49 (3195 turns).

dduke234 the Ruffian (Ghoul Monk)                   Turns: 3195, Time: 00:08:49

Health: -2/52      AC:  2    Str: 15    XL:     6   Next: 58%
Magic:  5/5        EV: 17    Int:  5    God:
Gold:   143        SH:  0    Dex: 13    Spells: 5/5 levels left

rFire    . . .     SeeInvis .     - Unarmed
rCold    + . .     Faith    .   (no shield)
rNeg     + + +     Spirit   .   a - +0 robe
rPois    ∞         Reflect  .   (no helmet)
rElec    .         Harm     .   (no cloak)
rCorr    .         Rampage  .   (no gloves)
Will     .....                  (no boots)
Stlth    ++........             (no amulet)
HPRegen  0.00/turn              e - +4 ring of evasion
MPRegen  0.09/turn              (no ring)

@: no status effects
A: claws 1, cold resistance 1, negative energy resistance 3, inhibited
regeneration, torment resistance 2, unbreathing 1
a: no special abilities


You were on level 3 of the Dungeon.
You visited 1 branch of the dungeon, and saw 3 of its levels.

You collected 143 gold pieces.

Inventory:

Armour
 a - a +0 robe (worn)
Jewellery
 e - a +4 ring of evasion (right claw)
Scrolls
 b - a scroll of immolation {unknown}
 d - a scroll of fog {unknown}


   Skills:
 * Level 4.2 Fighting
 * Level 4.0 Dodging
 * Level 3.4 Stealth
 * Level 5.8 Unarmed Combat


You had 5 spell levels left.
You didn't know any spells.
Your spell library was empty.

Dungeon Overview and Level Annotations

Branches:
Dungeon (3/15)

Altars:
Ashenzari
Zin


Innate Abilities, Weirdness & Mutations

You thrive by killing the living.
You are immune to poison.
You have sharp fingernails.
Your flesh is cold resistant. (rC+)
You are immune to negative energy. (rN+++)
You do not regenerate when monsters are visible.
You are immune to unholy pain and torment.
You can survive without breathing.


Message History

The orc misses you. The jackal closely misses you.
The orc closely misses you. x2
The orc priest misses you.
Things that are here:
a +0 whip; a +0 hand axe; an orc corpse The jackal closely misses you.
The orc barely misses you. The orc hits you with a +0 flail.
* * * LOW HITPOINT WARNING * * *
The orc priest closely misses you. The jackal bites you.
* * * LOW HITPOINT WARNING * * *
You scratch the orc priest.
The orc priest is heavily wounded.
The orc misses you.
A rat comes into view.
The jackal barely misses you. The orc barely misses you. The orc misses you.
You scratch the orc priest.
The orc priest is almost dead.
The orc priest closely misses you. The orc hits you with a +0 dagger!
* * * LOW HITPOINT WARNING * * *
The jackal completely misses you. The orc barely misses you.
The orc misses you.
You scratch the orc priest.
You kill the orc priest!
The quokka bites you.
* * * LOW HITPOINT WARNING * * *
The jackal barely misses you. The orc misses you. The orc closely misses you.
The jackal misses you. The orc completely misses you.
The jackal bites you but does no damage.
You see here a +0 flail.
You feel better. The quokka closely misses you.
The orc hits you with a +0 dagger.
* * * LOW HITPOINT WARNING * * *
The jackal misses you. The quokka barely misses you. The orc misses you.
You miss the quokka.
The jackal bites you but does no damage.
The orc hits you with a +0 dagger.
* * * LOW HITPOINT WARNING * * *
The quokka barely misses you.
You barely miss the jackal. The jackal closely misses you. The orc misses you.
The orc hits you with a +0 flail.
You die...

#######.# #######.###.#
.#.......# #......#
.........#
########...####
.........#
#......†.#.......
.........#
#....)...#..###.#
.#+####..###....)...#....
#†............#?..##
#.#####..o...##.(.#
####.....+.@h†..+ .#.#
#.....<###oror..# ##.#
#.###### #.......... #
#........... #...........
#........... #...........
............ .......####.


You could see 3 orcs, a quokka, a jackal and a rat.

Vanquished Creatures
  A sky beast (D:3)
  An orc priest (D:3)
  A jelly (D:3)
  A bullfrog skeleton (D:2)
  Terence (D:2)
  3 oozes
  6 adders
  3 worms (D:2)
  2 dart slugs (D:1)
  4 orcs (D:3)
  4 giant cockroaches
  6 hobgoblins
  A jackal (D:3)
  3 quokkas
  3 ball pythons
  2 bats (D:1)
  3 frilled lizards
  5 goblins
  4 kobolds
  8 rats
62 creatures vanquished.

Notes
Turn   | Place    | Note
-------+----------+-------------------------------------------
     0 | D:1      | dduke234 the Ghoul Monk began the quest for the Orb.
     0 | D:1      | Reached XP level 1. HP: 19/19 MP: 0/0
   100 | D:1      | Upgraded the game from 0.27-a0-679-g77a6b55cf3 to
                  | 0.27-a0-705-ga0013940fb
   140 | D:1      | Reached XP level 2. HP: 21/27 MP: 1/1
   336 | D:1      | Reached XP level 3. HP: 33/33 MP: 2/2
  1296 | D:2      | Reached skill level 4 in Unarmed Combat
  1464 | D:2      | Reached XP level 4. HP: 40/40 MP: 3/3
  1763 | D:2      | Found a broken altar of Ashenzari.
  1942 | D:2      | Reached XP level 5. HP: 17/46 MP: 4/4
  2190 | D:2      | Noticed Terence
  2207 | D:2      | Killed Terence
  2967 | D:3      | Reached skill level 5 in Unarmed Combat
  3016 | D:3      | Noticed a sky beast
  3035 | D:3      | Killed a sky beast
  3036 | D:3      | Reached XP level 6. HP: 37/52 MP: 5/5
  3191 | D:3      | HP: 1/52 [quokka (5)]
  3195 | D:3      | Slain by an orc

Illustrated notes

Levels and vault maps discovered:
D:1:      lemuel_arrival_behind_the_door_small, layout_basic, hex_medium,
          st_stairs_4
D:2:      layout_basic, general_overflow_altar, old_standard_altar, uniq_terence
D:3:      layout_basic

Skill      XL: |  1  2  3  4  5  6 |
---------------+-------------------+-----
Dodging        | 3 4 |  4.0
Unarmed Combat | 4 5 |  5.8
Fighting       | 4 |  4.2
Stealth        | 3 |  3.4

Action                   |  1- 3 |  4- 6 || total
-------------------------+-------+-------++-------
Melee: Unarmed           |    72 |   127 ||   199
       Punch             |     1 |     6 ||     7
  Use: Potion            |       |     3 ||     3
 Stab: Sleeping          |     3 |     3 ||     6
Armor: Robe              |     9 |    18 ||    27
Dodge: Dodged            |    47 |   134 ||   181

Table legend: (Time is in decaauts)
 A = Elapsed time spent in this place.
 B = Non-inter-level travel time spent in this place.
 C = Inter-level travel time spent in this place.
 D = Time resting spent in this place.
 E = Time spent auto-exploring this place.
 F = Levels seen in this place.
 G = Mean time per level.
                   A        B        C        D        E       F      G
               +--------+--------+--------+--------+--------+-----+--------+
         Total |   3177 |   3167 |     10 |      0 |   2632 |   3 | 1059.0 |
       Dungeon |   3177 |   3167 |     10 |      0 |   2632 |   3 | 1059.0 |
               +--------+--------+--------+--------+--------+-----+--------+

Top non-repeatable levels by time:
     D:2: 1691 daAuts
     D:1: 1253 daAuts
     D:3: 232 daAuts
